 Dungeon Crawl Stone Soup version 0.26-a0-720-g2a1d101370 (webtiles) character file.

Game seed: 8236461424851133402

112 Conn the Firebug (level 4, -1/27 HPs)
             Began as an Octopode Fire Elementalist on Nov 3, 2020.
             Slain by an orc wizard
             ... wielding a +0 dagger
              (6 damage)
             ... on level 3 of the Dungeon.
             The game lasted 00:04:23 (2327 turns).

Conn the Firebug (Octopode Fire Elementalist)       Turns: 2327, Time: 00:04:23

Health: -1/27      AC:  1    Str:  7    XL:     4   Next: 95%
Magic:  4/8        EV: 13    Int: 18    God:
Gold:   111        SH:  0    Dex: 12    Spells: 5/9 levels left

rFire    . . .     SeeInvis .   d - +2 short sword (venom)
rCold    . . .     Faith    .   (no shield)
rNeg     . . .     Spirit   .   (helmet restricted)
rPois    .         Reflect  .   (no amulet)
rElec    .         Harm     .   (no ring)
rCorr    .         Rampage  .   (no ring)
MR       .....                  (no ring)
Stlth    +++.......             (no ring)
HPRegen  0.09/turn              (no ring)
MPRegen  0.11/turn              (no ring)
                                (no ring)
                                (no ring)

@: no status effects
A: almost no armour, stealthy swim, amphibious, 8 rings, constrict 8, camouflage
1, gelatinous body 1
a: no special abilities


You were on level 3 of the Dungeon.
You visited 1 branch of the dungeon, and saw 3 of its levels.

You collected 111 gold pieces.

Inventory:

Hand Weapons
 a - a +0 short sword
 d - a +2 short sword of venom (weapon)
Missiles
 j - 2 silver javelins (quivered)
Scrolls
 b - 2 scrolls of identify
 c - a scroll of amnesia
Potions
 e - a potion of heal wounds {unknown}
 f - a potion of haste {unknown}
 g - a potion of lignification {unknown}
 h - a potion of brilliance
 i - a potion of cancellation


   Skills:
 + Level 2.4 Dodging
 + Level 3.4 Stealth
 + Level 3.1 Spellcasting
 + Level 1.3 Conjurations
 + Level 4.0 Fire Magic


You had 5 spell levels left.
You knew the following spells:

 Your Spells              Type           Power        Failure   Level
a - Foxfire               Conj/Fire      ##..         5%          1
b - Conjure Flame         Conj/Fire      ##......     16%         3

Your spell library contained the following spells:

 Spells                   Type           Power        Failure   Level
 Inner Flame              Hex/Fire       ##......     22%         3
 Sticky Flame             Conj/Fire      ##......     47%         4
 Fireball                 Conj/Fire      ##........   83%         5


Dungeon Overview and Level Annotations

Branches:
Dungeon (3/15)

Altars:
Gozag


Innate Abilities, Weirdness & Mutations

You cannot wear most types of armour.
You are very stealthy in the water. (Stealth+)
You are amphibious.
You can wear up to eight rings at the same time.
You can use your tentacles to constrict eight enemies at once.
Your skin changes colour to match your surroundings (Stealth+).
Your rubbery body absorbs attacks. (AC +1, EV +1)


Message History

An orc wizard appears from thin air!
Reactivating autopickup.
The orc wizard mumbles some strange words.
The orc wizard blinks!
The orc misses you.
The orc wizard gestures wildly while chanting.
The orc wizard flickers and vanishes!
Deactivating autopickup; reactivate with Ctrl-A.
The orc hits you.
* * * LOW HITPOINT WARNING * * *
It was a potion of brilliance.
You feel clever all of a sudden.
You constrict the orc, but do no damage.
Something hits you but does no damage. The orc misses you.
Your magical contamination has completely faded away.
It was a potion of cancellation.
Your magical effects are unravelling.
You feel magically purged.
You feel a little less clever now.
You constrict the orc. Something hits you.
You die...

##
#...#####
.......@#
..#####o#
#o# #o#
#o# #o#
#)# #†#
#.#


You could see an orc wizard (fast) and 4 orcs.

Vanquished Creatures
  An iguana (D:2)
  4 adders (D:2)
  A dart slug (D:2)
  A leopard gecko (D:1)
  2 orcs (D:3)
  5 bats
  A giant cockroach (D:2)
  7 goblins
  5 hobgoblins
  7 jackals
  A ball python (D:2)
  2 frilled lizards (D:2)
  6 kobolds
  2 rats (D:1)
45 creatures vanquished.

Vanquished Creatures (collateral kills)
  A foxfire (D:1)
1 creature vanquished.

Vanquished Creatures (others)
  127 foxfires
  5 plants (D:1)
132 creatures vanquished.

Grand Total: 178 creatures vanquished

Notes
Turn   | Place    | Note
-------+----------+-------------------------------------------
     0 | D:1      | Conn the Octopode Fire Elementalist began the quest for the
                  | Orb.
     0 | D:1      | Reached XP level 1. HP: 11/11 MP: 3/3
   176 | D:1      | Reached XP level 2. HP: 12/17 MP: 1/5
  1099 | D:2      | Reached XP level 3. HP: 20/21 MP: 1/6
  1167 | D:2      | Learned a level 3 spell: Conjure Flame
  1659 | D:2      | Reached XP level 4. HP: 27/27 MP: 4/7
  1693 | D:2      | Found an opulent altar of Gozag.
  2071 | D:2      | Reached skill level 4 in Fire Magic
  2327 | D:3      | Slain by an orc wizard

Illustrated notes

Levels and vault maps discovered:
D:1:      lightli_arrival_lavapool, layout_loops_ring, serial_forest,
          infiniplex_forest_clump_cross, infiniplex_forest_lined_2
D:2:      layout_basic, grunt_gozag_statues
D:3:      layout_rooms, minitemple, nrook_campfire, uniq_crazy_yiuf_cottage

Skill      XL: |  1  2  3  4 |
---------------+-------------+-----
Stealth        | 3 |  3.4
Spellcasting   | 3 |  3.1
Fire Magic     | 4 |  4.0
Dodging        | |  2.4
Conjurations   | |  1.3

Action                   |  1- 3 |  4- 6 || total
-------------------------+-------+-------++-------
Melee: Short sword       |     6 |     9 ||    15
       Tentacles         |     3 |     1 ||     4
       Constrict         |     2 |     3 ||     5
 Cast: Foxfire           |    59 |    15 ||    74
  Use: Scroll            |     3 |     1 ||     4
       Potion            |       |     2 ||     2
 Stab: Sleeping          |     2 |     1 ||     3
Armor: Skin              |     7 |     3 ||    10
Dodge: Dodged            |    28 |    29 ||    57

Table legend: (Time is in decaauts)
 A = Elapsed time spent in this place.
 B = Non-inter-level travel time spent in this place.
 C = Inter-level travel time spent in this place.
 D = Time resting spent in this place.
 E = Time spent auto-exploring this place.
 F = Levels seen in this place.
 G = Mean time per level.
                   A        B        C        D        E       F      G
               +--------+--------+--------+--------+--------+-----+--------+
         Total |   2328 |   2314 |     14 |    367 |   1426 |   3 |  776.0 |
       Dungeon |   2328 |   2314 |     14 |    367 |   1426 |   3 |  776.0 |
               +--------+--------+--------+--------+--------+-----+--------+

Top non-repeatable levels by time:
     D:2: 1197 daAuts
     D:1: 1074 daAuts
     D:3: 56 daAuts
